 Dungeon Crawl Stone Soup version 0.31-a0-7-g51783674b7 (webtiles) character file.

Game seed: 3071218043495524924

93 ketsa the Grave Robber (level 4, -9/30 HPs)
             Began as a Vampire Necromancer on May 5, 2023.
             Mangled by an orc wizard
             ... wielding a +1 dagger of electrocution
              (18 damage)
             ... on level 3 of the Dungeon.
             The game lasted 00:07:20 (2131 turns).

ketsa the Grave Robber (Vampire Necromancer)        Turns: 2131, Time: 00:07:20

Health: -9/30      AC:  3    Str:  7    XL:     4   Next: 36%
Magic:  5/8        EV: 13    Int: 17    God:
Gold:   50         SH:  0    Dex: 16    Spells: 7/8 levels left

rFire   . . .        g - +0 dagger
rCold   . . .        (no shield)
rNeg    . . .        a - +0 robe
rPois   .            r - +0 helmet
rElec   .            (no cloak)
rCorr   .            (no gloves)
SInv    +            (no boots)
Will    .....        (no amulet)
Stlth   +++          (no ring)
HPRegen 0.45/turn    (no ring)
MPRegen 0.11/turn

%: no passive effects
@: healing quickly
A: alive, fangs 3, see invisible, vampiric 2
a: Exsanguinate


You were on level 3 of the Dungeon.
You visited 1 branch of the dungeon, and saw 3 of its levels.

You collected 50 gold pieces.

Inventory:

Hand Weapons
 g - a +0 dagger (weapon)
Missiles
 k - 5 curare-tipped darts
 o - 8 stones
 s - 3 boomerangs
Armour
 a - a +0 robe (worn)
 r - a +0 helmet (worn)
Jewellery
 e - an amulet of faith
Scrolls
 d - 4 scrolls of teleportation {unknown}
 f - 2 scrolls of identify {unknown}
 h - 3 scrolls of enchant weapon {unknown}
 i - a scroll of immolation {unknown}
 l - 2 scrolls of vulnerability {unknown}
 n - a scroll of noise {unknown}
 q - a scroll of enchant armour {unknown}
 t - a scroll of fear {unknown}
Potions
 b - a potion of magic
 c - a potion of cancellation {unknown}
 j - a potion of curing {unknown}
 m - 2 potions of flight {unknown}
 p - a potion of resistance {unknown}


   Skills:
 + Level 0.2 Short Blades
 + Level 3.1 Dodging
 + Level 4.4 Stealth
 + Level 2.7 Spellcasting
 + Level 4.9 Necromancy


You had 7 spell levels left.
You knew the following spells:

 Your Spells              Type           Power      Damage    Failure   Level
a - Necrotise             Necr           76%        1d7       2%          1

Your spell library contained the following spells:

 Spells                   Type           Power      Damage    Failure   Level
 Vampiric Draining        Necr           19%        2d7       7%          3
 Animate Dead             Necr           19%        N/A       24%         4
 Summon Guardian Golem    Hex/Summ       2%         N/A       47%         3
 Agony                    Necr           19%        N/A       54%         5
 Orb of Destruction       Conj           1%         9d5       100%        7
 Spellforged Servitor     Conj/Summ      1%         N/A       100%        7


Dungeon Overview and Level Annotations

Branches:
Dungeon (3/15)

Altars:
Okawaru


Innate Abilities, Weirdness & Mutations

Your natural rate of healing is accelerated.
You have razor-sharp teeth.
You have supernaturally acute eyesight. (SInv)
You are afflicted with vampirism and can become a bat while bloodless.


Message History

You hit the orc wizard but do no damage.
The orc wizard is almost dead.
The orc wizard hits you with a +0 dagger.
The orc wizard casts a spell at you.
The orc wizard resists with some effort.
You hit the orc wizard.
You kill the orc wizard!
You hit the orc wizard but do no damage.
The orc wizard hits you with a +1 dagger of electrocution.
You hit the orc wizard.
The orc wizard is lightly wounded.
The orc wizard hits you with a +1 dagger of electrocution.
You hit the orc wizard. Your bite misses the orc wizard.
The orc wizard is moderately wounded.
The orc wizard hits you but does no damage.
You hit the orc wizard.
The orc wizard is moderately wounded.
The orc wizard hits you with a +1 dagger of electrocution.
You hit the orc wizard.
The orc wizard is heavily wounded.
The orc wizard hits you with a +1 dagger of electrocution.
You are electrocuted!
* * * LOW HITPOINT WARNING * * *
Casting: Necrotise (safe; 2% risk of failure)
Confirm with . or Enter, or press ? or * to list all spells.
Aiming: Necrotise (safe; 2% risk of failure)
Press: ? - help, Shift-Dir - straight line, f - orc wizard
Aim: an orc wizard, wielding a +1 dagger of electrocution and wearing a +0 robe (heavily wounded, slightly transparent, chance to affect: 78%)
The orc wizard barely resists.
The orc wizard hits you but does no damage.
Casting: Necrotise (safe; 2% risk of failure)
Confirm with . or Enter, or press ? or * to list all spells.
Aiming: Necrotise (safe; 2% risk of failure)
Press: ? - help, Shift-Dir - straight line, f/p - orc wizard
Aim: an orc wizard, wielding a +1 dagger of electrocution and wearing a +0 robe (heavily wounded, slightly transparent, chance to affect: 78%)
The orc wizard writhes in agony.
The orc wizard hits you but does no damage.
You are electrocuted!!
Ouch! That really hurt!
You die...

#### ... #.#
####.###.#
#....o)..#
#<##@##..#
#.##.).....#
.....##..#.#
##..### ....
##.# ..# #.#
## .# .#


You could see an orc wizard (invisible).

Vanquished Creatures
  An orc wizard (D:3)
  2 adders (D:2)
  2 worms (D:2)
  A dart slug (D:1)
  2 orcs (D:3)
  2 endoplasms (D:2)
  2 giant cockroaches
  8 goblins
  5 hobgoblins
  2 jackals (D:2)
  4 ball pythons (D:2)
  7 bats
  A frilled lizard (D:2)
  3 kobolds
  3 rats (D:2)
45 creatures vanquished.

Vanquished Creatures (collateral kills)
  A dart slug (D:1)
  A giant cockroach (D:1)
  A ball python (D:2)
  A frilled lizard (D:1)
4 creatures vanquished.

Grand Total: 49 creatures vanquished

Notes
Turn   | Place    | Note
-------+----------+-------------------------------------------
     0 | D:1      | ketsa the Vampire Necromancer began the quest for the Orb.
     0 | D:1      | Reached XP level 1. HP: 13/13 MP: 3/3
   164 | D:1      | Reached XP level 2. HP: 10/19 MP: 0/5
  1020 | D:2      | Gained mutation: You are afflicted with vampirism and can
                  | become a bat while bloodless. [Vampire growth]
  1020 | D:2      | Reached XP level 3. HP: 23/24 MP: 6/6
  1708 | D:2      | Found an iron altar of Okawaru.
  1782 | D:2      | Reached XP level 4. HP: 27/30 MP: 3/7
  2131 | D:3      | Mangled by an orc wizard

Illustrated notes

Levels and vault maps discovered:
D:1:      nicolae_arrival_washed_ashore, layout_loops_ring
D:2:      wad_river_or_something, layout_loops_cross, basic_altar,
          item_on_display_a
D:3:      layout_loops_cross, shapermc_ecumenical_altar_ellora, uniq_grinder,
          uniq_terence, uniq_robin

Skill      XL: |  1  2  3 |
---------------+----------+-----
Stealth        | 4 |  4.4
Dodging        | 3 |  3.1
Short Blades   | |  0.2
Spellcasting   | |  2.7
Necromancy     | |  4.9

Action                     |  1- 3 |  4- 6 || total
---------------------------+-------+-------++-------
  Melee: Unarmed           |    17 |       ||    17
         Bite              |    13 |     1 ||    14
         Dagger            |    73 |    25 ||    98
   Cast: Necrotise         |    42 |    11 ||    53
   Stab: Sleeping          |     2 |       ||     2
 Armour: Robe              |    22 |    10 ||    32
  Dodge: Dodged            |    72 |     9 ||    81

Table legend: (Time is in decaauts)
 A = Elapsed time spent in this place.
 B = Non-inter-level travel time spent in this place.
 C = Inter-level travel time spent in this place.
 D = Time resting spent in this place.
 E = Time spent auto-exploring this place.
 F = Levels seen in this place.
 G = Mean time per level.
                   A        B        C        D        E       F      G
               +--------+--------+--------+--------+--------+-----+--------+
         Total |   2135 |   1985 |    150 |    222 |   1167 |   3 |  711.7 |
       Dungeon |   2135 |   1985 |    150 |    222 |   1167 |   3 |  711.7 |
               +--------+--------+--------+--------+--------+-----+--------+

Top non-repeatable levels by time:
     D:2: 1192 daAuts
     D:1: 891 daAuts
     D:3: 51 daAuts
